| TOP OF THE 1ST |
|
St. Louis Cardinals batting - Pitching for New York Mets : RHP Pat Whittier
|
|
Pitching: RHP Pat Whittier
|
|
|
Batting: LHB Juan Encarnación
|
0-0: Foul Ball, location: 2F 0-1: Ball 1-1: Foul Ball, location: 2F 1-2: Ball 2-2: Ball 3-2: Base on Balls
|
|
Batting: LHB Jason Heyward
|
0-0: Ball 1-0: Called Strike 1-1: Called Strike 1-2: Strikes out looking
|
|
Batting: RHB Cristián Gómez
|
0-0: Fly out, F3 (Popup, 34S, EV 87.5 MPH)
|
|
Batting: LHB Zak Taylor
|
0-0: Ball 1-0: Called Strike Juan Encarnación steals 2nd base 1-1: Ball 2-1: Called Strike 2-2: Ground out 4-3 (Groundball, 34, EV 83.8 MPH)
|
| Top of the 1st over - 0 runs, 0 hits, 0 errors, 1 left on base; St. Louis 0 - New York 0 |
| BOTTOM OF THE 1ST |
|
New York Mets batting - Pitching for St. Louis Cardinals : LHP Luiz Gohara
|
|
Pitching: LHP Luiz Gohara
|
|
|
Batting: LHB Jim Hayes
|
0-0: Ball 1-0: Ball 2-0: Called Strike 2-1: Foul Ball, location: 3F 2-2: Ball 3-2: Base on Balls
|
|
Batting: RHB Mike Wilson
|
0-0: Called Strike 0-1: Ball 1-1: Called Strike 1-2: Ball 2-2: Ball 3-2: Base on Balls Jim Hayes to second
|
|
Batting: RHB Patrick Vitzhum
|
0-0: Called Strike 0-1: Foul Ball, location: 7LSF 0-2: Ball 1-2: Strikes out swinging
|
|
Batting: LHB Deron Fernández
|
0-0: Ball 1-0: Foul Ball, location: 2F 1-1: Ball 2-1: Ball 3-1: Foul Ball, location: 7LDF 3-2: Foul Ball, location: 7LMF 3-2: Foul Ball, location: 2F 3-2: Foul Ball, location: 9LMF 3-2: Strikes out swinging
|
|
Batting: RHB Walt Cook
|
0-0: Ball 1-0: Ball 2-0: Ball 3-0: Called Strike 3-1: Base on Balls Jim Hayes to third Mike Wilson to second
|
|
Batting: LHB Kenny Hernandez
|
0-0: Called Strike 0-1: Ball 1-1: Swinging Strike 1-2: Foul Ball, location: 3DF 1-2: Ball 2-2: Ball 3-2: Strikes out swinging
|
| Bottom of the 1st over - 0 runs, 0 hits, 0 errors, 3 left on base; St. Louis 0 - New York 0 |
| TOP OF THE 2ND |
|
St. Louis Cardinals batting - Pitching for New York Mets : RHP Pat Whittier
|
|
Batting: LHB Raphael Ramirez
|
0-0: Ball 1-0: Fly out, F5 (Popup, 5F, EV 61.3 MPH)
|
|
Batting: RHB Juan Álvarez
|
0-0: SINGLE (Line Drive, 4D, EV 109.4 MPH)
|
|
Batting: RHB Cal Hewer
|
0-0: Foul Ball, location: 9LMF 0-1: Ball 1-1: SINGLE (Groundball, 4MD, EV 97.5 MPH) Juan Álvarez to second
|
|
Batting: SHB Lucas Tirado
|
0-0: Foul Ball, location: 5SF 0-1: Ball 1-1: Foul Ball, location: 7LSF 1-2: Ball 2-2: Ball 3-2: Foul Ball, location: 2F 3-2: Strikes out swinging
|
|
Batting: RHB Brian Schales
|
0-0: Called Strike 0-1: Swinging Strike 0-2: Ball 1-2: Ball 2-2: Ball 3-2: Strikes out swinging
|
| Top of the 2nd over - 0 runs, 2 hits, 0 errors, 2 left on base; St. Louis 0 - New York 0 |
| BOTTOM OF THE 2ND |
|
New York Mets batting - Pitching for St. Louis Cardinals : LHP Luiz Gohara
|
|
Batting: LHB Reese McGuire
|
0-0: Foul Ball, location: 2F 0-1: Foul Ball, location: 25F 0-2: Ground out U3 (Groundball, 3, EV 107.5 MPH)
|
|
Batting: LHB Brandon Nimmo
|
0-0: Ball 1-0: Swinging Strike 1-1: SINGLE (Flyball, 34D, EV 89.4 MPH)
|
|
Batting: LHB Franchy Cordero
|
0-0: Called Strike 0-1: Foul Ball, location: 9LMF 0-2: Ball 1-2: Fielders Choice at 2nd, 3-6 (Groundball, 3, EV 93.1 MPH)
|
|
Batting: LHB Jim Hayes
|
0-0: Ball 1-0: Fly out, F9 (Flyball, 9LS, EV 86.9 MPH)
|
| Bottom of the 2nd over - 0 runs, 1 hit, 0 errors, 1 left on base; St. Louis 0 - New York 0 |
| TOP OF THE 3RD |
|
St. Louis Cardinals batting - Pitching for New York Mets : RHP Pat Whittier
|
|
Batting: LHB Juan Encarnación
|
0-0: Called Strike 0-1: Foul Ball, location: 2F 0-2: Ball 1-2: SINGLE (Line Drive, 9S, EV 103.1 MPH)
|
|
Batting: LHB Jason Heyward
|
0-0: Called Strike 0-1: Swinging Strike 0-2: Ball 1-2: Ball 2-2: Ball 3-2: Strikes out looking
|
|
Batting: RHB Cristián Gómez
|
0-0: Ball 1-0: Ball 2-0: Called Strike 2-1: Ball 3-1: Called Strike 3-2: SINGLE (Line Drive, 4MD, EV 95.6 MPH) Juan Encarnación to second
|
|
Batting: LHB Zak Taylor
|
0-0: Ball 1-0: Called Strike 1-1: Called Strike 1-2: Strikes out swinging
|
|
Batting: LHB Raphael Ramirez
|
0-0: Swinging Strike 0-1: Foul Ball, location: 3DF 0-2: SINGLE (Line Drive, 4M, EV 103.8 MPH) Juan Encarnación to third Cristián Gómez to second Runner from 3rd tries for Home, SAFE, throw by CF to home Cristián Gómez to third Raphael Ramirez to second
|
|
Batting: RHB Juan Álvarez
|
0-0: Foul Ball, location: 2F 0-1: Swinging Strike 0-2: Ball 1-2: Ball 2-2: Strikes out swinging
|
| Top of the 3rd over - 1 run, 3 hits, 0 errors, 2 left on base; St. Louis 1 - New York 0 |
| BOTTOM OF THE 3RD |
|
New York Mets batting - Pitching for St. Louis Cardinals : LHP Luiz Gohara
|
|
Batting: RHB Mike Wilson
|
0-0: Ball 1-0: Foul Ball, location: 9LSF 1-1: Foul Ball, location: 25F 1-2: Strikes out swinging
|
|
Batting: RHB Patrick Vitzhum
|
0-0: Ball 1-0: Foul Ball, location: 2F 1-1: Ground out 6-3 (Groundball, 6S, EV 71.3 MPH)
|
|
Batting: LHB Deron Fernández
|
0-0: Ball 1-0: Ball 2-0: Called Strike 2-1: Ball 3-1: Swinging Strike 3-2: Strikes out swinging
|
| Bottom of the 3rd over - 0 runs, 0 hits, 0 errors, 0 left on base; St. Louis 1 - New York 0 |
| TOP OF THE 4TH |
|
St. Louis Cardinals batting - Pitching for New York Mets : RHP Pat Whittier
|
|
Batting: RHB Cal Hewer
|
0-0: Ball 1-0: Ball 2-0: Foul Ball, location: 2F 2-1: Ball 3-1: Ground out 5-3 (Groundball, 56S, EV 79.4 MPH)
|
|
Batting: SHB Lucas Tirado
|
0-0: Called Strike 0-1: Foul Ball, location: 3F 0-2: Strikes out swinging
|
|
Batting: RHB Brian Schales
|
0-0: Ball 1-0: Ground out 6-3 (Groundball, 6, EV 90.0 MPH)
|
| Top of the 4th over - 0 runs, 0 hits, 0 errors, 0 left on base; St. Louis 1 - New York 0 |
| BOTTOM OF THE 4TH |
|
New York Mets batting - Pitching for St. Louis Cardinals : LHP Luiz Gohara
|
|
Batting: RHB Walt Cook
|
0-0: Fly out, F5 (Popup, 25F, EV 86.9 MPH)
|
|
Batting: LHB Kenny Hernandez
|
0-0: Called Strike 0-1: Called Strike 0-2: DOUBLE (Line Drive, 9LS, EV 91.3 MPH)
|
|
Batting: LHB Reese McGuire
|
0-0: 2-RUN HOME RUN (Flyball, 8LXD, EV 101.9 MPH), Distance : 422 ft
|
|
Batting: LHB Brandon Nimmo
|
0-0: Ground out 4-3 (Groundball, 4, EV 89.4 MPH)
|
|
Batting: LHB Franchy Cordero
|
0-0: Called Strike 0-1: Ball 1-1: Fly out, F8 (Flyball, 8LD, EV 108.1 MPH)
|
| Bottom of the 4th over - 2 runs, 2 hits, 0 errors, 0 left on base; St. Louis 1 - New York 2 |
| TOP OF THE 5TH |
|
St. Louis Cardinals batting - Pitching for New York Mets : RHP Pat Whittier
|
|
Batting: LHB Juan Encarnación
|
0-0: Ball 1-0: Ball 2-0: Ball 3-0: Called Strike 3-1: Fly out, F2 (Popup, 2R, EV 95.6 MPH)
|
|
Batting: LHB Jason Heyward
|
0-0: Ball 1-0: Called Strike 1-1: Ball 2-1: Foul Ball, location: 5F 2-2: Strikes out swinging
|
|
Batting: RHB Cristián Gómez
|
0-0: Called Strike 0-1: Ball 1-1: Ball 2-1: Fly out, F4 (Popup, 23, EV 85.6 MPH)
|
| Top of the 5th over - 0 runs, 0 hits, 0 errors, 0 left on base; St. Louis 1 - New York 2 |
| BOTTOM OF THE 5TH |
|
New York Mets batting - Pitching for St. Louis Cardinals : LHP Luiz Gohara
|
|
Batting: LHB Jim Hayes
|
0-0: Called Strike 0-1: Ball 1-1: Fly out, F9 (Flyball, 9S, EV 88.8 MPH)
|
|
Batting: RHB Mike Wilson
|
0-0: Ball 1-0: Foul Ball, location: 23F 1-1: Ball 2-1: Ball 3-1: Fly out, F8 (Flyball, 89D, EV 86.3 MPH)
|
|
Batting: RHB Patrick Vitzhum
|
0-0: Fly out, F8 (Line Drive, 8RS, EV 96.9 MPH)
|
| Bottom of the 5th over - 0 runs, 0 hits, 0 errors, 0 left on base; St. Louis 1 - New York 2 |
| TOP OF THE 6TH |
|
St. Louis Cardinals batting - Pitching for New York Mets : RHP Pat Whittier
|
|
Batting: LHB Zak Taylor
|
0-0: Called Strike 0-1: Swinging Strike 0-2: Ball 1-2: Ball 2-2: Strikes out swinging
|
|
Batting: LHB Raphael Ramirez
|
0-0: Ball 1-0: Fly out, F7 (Flyball, 7LMF, EV 105.0 MPH)
|
|
Batting: RHB Juan Álvarez
|
0-0: Ground out 1-3 (Groundball, 15S, EV 66.9 MPH)
|
| Top of the 6th over - 0 runs, 0 hits, 0 errors, 0 left on base; St. Louis 1 - New York 2 |
| BOTTOM OF THE 6TH |
|
New York Mets batting - Pitching for St. Louis Cardinals : LHP Luiz Gohara
|
|
Batting: LHB Deron Fernández
|
0-0: Ball 1-0: Ground out 5-3 (Groundball, 5, EV 105.0 MPH)
|
|
Batting: RHB Walt Cook
|
0-0: Foul Ball, location: 3F 0-1: Foul Ball, location: 25F 0-2: Ball 1-2: Ball 2-2: Strikes out swinging
|
|
Batting: LHB Kenny Hernandez
|
0-0: Ball 1-0: Ball 2-0: Ball 3-0: Base on Balls
|
|
Pitching: RHP Shelby Miller
|
|
|
Batting: LHB Reese McGuire
|
0-0: Ball 1-0: SINGLE (Groundball, 6MD, EV 98.8 MPH) Kenny Hernandez to second
|
|
Batting: LHB Brandon Nimmo
|
0-0: Fly out, F8 (Flyball, 78D, EV 105.6 MPH)
|
| Bottom of the 6th over - 0 runs, 1 hit, 0 errors, 2 left on base; St. Louis 1 - New York 2 |
| TOP OF THE 7TH |
|
St. Louis Cardinals batting - Pitching for New York Mets : RHP Pat Whittier
|
|
Batting: RHB Cal Hewer
|
0-0: Ball 1-0: Ball 2-0: Fly out, F9 (Flyball, 9, EV 94.4 MPH)
|
|
Batting: SHB Lucas Tirado
|
0-0: Ball 1-0: Ball 2-0: Called Strike 2-1: Ball 3-1: Fly out, F5 (Popup, 5L, EV 67.5 MPH)
|
|
Batting: RHB Brian Schales
|
0-0: SINGLE (Groundball, 2L, EV 63.8 MPH) (infield hit)
|
|
Pitching: RHP Franklin E. Perez
|
|
|
Batting: LHB Juan Encarnación
|
0-0: Ball 1-0: Swinging Strike 1-1: Called Strike 1-2: Strikes out looking
|
| Top of the 7th over - 0 runs, 1 hit, 0 errors, 1 left on base; St. Louis 1 - New York 2 |
| BOTTOM OF THE 7TH |
|
New York Mets batting - Pitching for St. Louis Cardinals : RHP Shelby Miller
|
|
Batting: LHB Franchy Cordero
|
0-0: Ball 1-0: Called Strike 1-1: Called Strike 1-2: Ball 2-2: Ground out 6-3 (Groundball, 6, EV 90.6 MPH)
|
|
Batting: LHB Jim Hayes
|
0-0: Fly out, F8 (Flyball, 8RM, EV 92.5 MPH)
|
|
Batting: RHB Mike Wilson
|
0-0: Foul Ball, location: 5DF 0-1: Swinging Strike 0-2: Strikes out swinging
|
| Bottom of the 7th over - 0 runs, 0 hits, 0 errors, 0 left on base; St. Louis 1 - New York 2 |
| TOP OF THE 8TH |
|
St. Louis Cardinals batting - Pitching for New York Mets : RHP Franklin E. Perez
|
|
Batting: LHB Jason Heyward
|
0-0: Ball 1-0: Foul Ball, location: 9LMF 1-1: Ball 2-1: SINGLE (Groundball, 34D, EV 96.3 MPH)
|
|
Batting: RHB Cristián Gómez
|
0-0: Ball 1-0: Ball 2-0: Bunted foul 2-1: Called Strike 2-2: Strikes out swinging
|
|
Batting: LHB Zak Taylor
|
0-0: Ball 1-0: Foul Ball, location: 9LSF 1-1: Foul Ball, location: 2F 1-2: Ball 2-2: Foul Ball, location: 9LMF 2-2: Foul Ball, location: 2LF 2-2: SINGLE (Flyball, 56D, EV 96.3 MPH) Jason Heyward to second
|
|
Batting: LHB Raphael Ramirez
|
0-0: Ball 1-0: Called Strike 1-1: Ball 2-1: Fly out, F7 (Line Drive, 7, EV 83.1 MPH)
|
|
Pinch Hitting: LHB Al White
|
0-0: Fly out, F9 (Flyball, 89S, EV 80.0 MPH)
|
| Top of the 8th over - 0 runs, 2 hits, 0 errors, 2 left on base; St. Louis 1 - New York 2 |
| BOTTOM OF THE 8TH |
|
New York Mets batting - Pitching for St. Louis Cardinals : RHP Shelby Miller
|
|
Pitching: RHP Carlos A. Salazar
|
|
|
Now at 2B: Al White
|
|
|
Now at SS: Lucas Tirado
|
|
|
Batting: RHB Patrick Vitzhum
|
0-0: Foul Ball, location: 3F 0-1: Swinging Strike 0-2: Strikes out swinging
|
|
Batting: LHB Deron Fernández
|
0-0: Ball 1-0: Swinging Strike 1-1: Swinging Strike 1-2: Foul Ball, location: 2F 1-2: Fly out, F9 (Line Drive, 9, EV 89.4 MPH)
|
|
Batting: RHB Walt Cook
|
0-0: Ball 1-0: Foul Ball, location: 5SF 1-1: Foul Ball, location: 7LSFF 1-2: Foul Ball, location: 5F 1-2: Ball 2-2: SINGLE (Groundball, 34D, EV 106.9 MPH)
|
|
Batting: LHB Kenny Hernandez
|
0-0: Ball 1-0: Called Strike 1-1: Called Strike 1-2: Foul Ball, location: 2F 1-2: SINGLE (Line Drive, 89S, EV 91.9 MPH) Walt Cook to second Walt Cook to third
|
|
Pitching: LHP Kyle Crockett
|
|
|
Batting: LHB Reese McGuire
|
0-0: Ball 1-0: Foul Ball, location: 23F 1-1: SINGLE (Line Drive, 4MD, EV 94.4 MPH) Walt Cook scores Kenny Hernandez to second
|
|
Batting: LHB Brandon Nimmo
|
0-0: Ball 1-0: Called Strike 1-1: Ball 2-1: Called Strike 2-2: Strikes out swinging
|
| Bottom of the 8th over - 1 run, 3 hits, 0 errors, 2 left on base; St. Louis 1 - New York 3 |
| TOP OF THE 9TH |
|
St. Louis Cardinals batting - Pitching for New York Mets : RHP Franklin E. Perez
|
|
Pitching: RHP Kyle Crick
|
|
|
Batting: RHB Cal Hewer
|
0-0: Foul Ball, location: 23FF 0-1: Swinging Strike 0-2: Ball 1-2: Ball 2-2: Foul Ball, location: 3F 2-2: Ball 3-2: Fly out, F6 (Line Drive, 6M, EV 75.0 MPH)
|
|
Batting: SHB Lucas Tirado
|
0-0: Foul Ball, location: 2RF 0-1: Ball 1-1: Ball 2-1: Foul Ball, location: 2F 2-2: Ground out 6-3 (Groundball, 6, EV 105.0 MPH)
|
|
Batting: RHB Brian Schales
|
0-0: Called Strike 0-1: Called Strike 0-2: Fly out, F9 (Flyball, 9, EV 89.4 MPH)
|
| Top of the 9th over - 0 runs, 0 hits, 0 errors, 0 left on base; St. Louis 1 - New York 3 |
|